 Dungeon Crawl Stone Soup version 0.31-a0-325-g067879e3d3 (webtiles) character file.

Game seed: 18403181136462905618

2555 LeprechaunX the Ruffian (level 9, -1/91 HPs)
             Began as an Octopode Shapeshifter on July 18, 2023.
             Was an Initiate of Cheibriados.
             Succumbed to an orc wizard's poison
             ... on level 7 of the Dungeon.
             The game lasted 00:10:34 (5583 turns).

LeprechaunX the Ruffian (Octopode Shapeshifter)     Turns: 5583, Time: 00:10:34

Health: -1/91      AC: 28    Str: 17    XL:     9   Next: 56%
Magic:  10/10      EV:  2    Int: 12    God:    Cheibriados [......]
Gold:   408        SH:  0    Dex: 15    Spells: 8/8 levels left

rFire   . .          .
                       - Unarmed
rCold   + . .        (no shield)
rNeg    . . .        (helmet currently unavailable)
rPois   +            (no amulet)
rElec   .            j - +4 ring of protection
rCorr   .            m - ring of protection from cold
SInv    .            n - ring of wizardry
Will    .....        (no ring)
Stlth   +            (no ring)
HPRegen 0.35/turn    (no ring)
MPRegen 0.12/turn    (no ring)
                     (no ring)

%: wizardry (x1)
@: lethally poisoned (-1 -> -9), tree-form, very slow
A: stationary, stasis, torment immunity, boosted hp, almost no armour,
(amphibious), 8 rings, (camouflage 1), (gelatinous body 1), (nimble swimmer 1),
(tentacles)
a: Renounce Religion


You were on level 7 of the Dungeon.
You worshipped Cheibriados.
Cheibriados was noncommittal.
You were a tree.
You visited 2 branches of the dungeon, and saw 8 of its levels.

You collected 408 gold pieces.

Inventory:

Hand Weapons
 a - a +0 orcbow
Jewellery
 j - a +4 ring of protection (left branch)
 m - a ring of protection from cold (right branch)
 n - a ring of wizardry (on tentacle)
 q - a ring of ice
Talismans
 b - a beast talisman
Wands
 w - a wand of iceblast (2)
 y - a wand of flame (8)
 A - a wand of mindburst (14)
Scrolls
 c - 7 scrolls of identify {unknown}
 d - 4 scrolls of teleportation {unknown}
 g - 2 scrolls of amnesia {unknown}
 l - a scroll of fear {unknown}
 o - 2 scrolls of enchant weapon {unknown}
 p - a scroll of silence {unknown}
 s - a scroll of blinking {unknown}
 v - a scroll of poison {unknown}
 x - 2 scrolls of noise {unknown}
Potions
 e - 5 potions of curing {unknown}
 f - a potion of haste {unknown}
 h - 3 potions of heal wounds {unknown}
 i - a potion of cancellation {unknown}
 k - a potion of magic {unknown}
 r - 2 potions of attraction {unknown}
 t - 3 potions of degeneration {unknown}
 u - a potion of lignification
 z - 2 potions of mutation {unknown}


   Skills:
 + Level 5.3 Fighting
 + Level 3.7 Ranged Weapons
 - Level 4.0 Dodging
 * Level 7.4 Unarmed Combat
 + Level 2.1 Invocations
 * Level 6.7 Shapeshifting


You had 8 spell levels left.
You didn't know any spells.
Your spell library was empty.

Dungeon Overview and Level Annotations

Branches:
Dungeon (7/15)             Temple (1/1) D:5

Altars:
Ashenzari
Cheibriados
Dithmenos
Elyvilon
Fedhas
Hepliaklqana
Makhleb
Okawaru
Qazlal
Ru
Sif Muna
Trog
Uskayaw
Wu Jian
Xom
Yredelemnul
Zin
The Shining One

Shops:
D:1 [   D:3 =   D:6 [[


Innate Abilities, Weirdness & Mutations

You are a tree.
Your roots penetrate the ground, keeping you stationary.
You cannot be teleported.
You are immune to unholy pain and torment.
Your maximum health is greatly increased.
You cannot wear most types of armour.
((You are amphibious.))
You can wear up to eight rings at the same time.
((Your skin changes colour to match your surroundings (Stealth+).))
((Your rubbery body absorbs attacks. (AC +1, EV +1)))
((You are camouflaged when in or above water. (Stealth+)))
((You have tentacles for arms and can constrict up to eight enemies at once.))


Message History

The orc wizard is heavily wounded.
You feel sick. The wyvern completely misses you.
The orc wizard hits you but does no damage.
You barely miss the orc wizard.
The orc wizard is heavily wounded.
You feel sick.
The wyvern bites you but does no damage.
The orc wizard hits you but does no damage.
You are more poisoned.
You hit the orc wizard.
The orc wizard is severely wounded.
You feel sick. The wyvern completely misses you.
The orc wizard hits you but does no damage.
You are lethally poisoned!
You smack the orc wizard!
You kill the orc wizard!
Cheibriados appreciates the change of pace.
* * * LOW HITPOINT WARNING * * *
You feel very sick. The wyvern bites you!
* * * LOW HITPOINT WARNING * * *
The wyvern barely misses you.
You closely miss the wyvern.
* * * LOW HITPOINT WARNING * * *
You feel sick.
The wyvern bites you but does no damage.
You barely miss the wyvern.
* * * LOW HITPOINT WARNING * * *
You feel sick.
The wyvern bites you but does no damage.
You smack the wyvern!
The wyvern is heavily wounded.
* * * LOW HITPOINT WARNING * * *
You feel sick.
The wyvern bites you but does no damage.
You cannot move.
You cannot move.
You smack the wyvern!
The wyvern is almost dead.
You die...

## [# ... #.##
###.#######.. #
.$..........# #
........ .#.## .
........##...## ##.
.[o.l$.#.#...(#
###...
#o#l....######......
.##{♣............. ##
#.#......#####..# #
#.#.......# #.######
#......#######.......
#..............####..
#..........##### #..
#........### #..
#.#.....#.# #..
.#.#......# #..


You could see a wyvern and an orc.

Vanquished Creatures
  Pikel (D:4)
  Prince Ribbit (D:6)
  A steam dragon (D:6)
  Duvessa (D:4)
  2 ice beasts (D:6)
  A black bear (D:5)
  An ogre (D:5)
  2 phantoms
  3 lemures
  A centaur (D:5)
  2 bullfrogs (D:6)
  A scorpion (D:5)
  A gnoll sergeant (D:5)
  A wight (D:5)
  Dowan (D:4)
  2 howler monkeys
  6 hounds
  2 jellies
  2 orc priests
  Jessica (D:2)
  4 iguanas
  An orc wizard (D:7)
  8 gnolls
  8 adders
  A shadow imp (D:5)
  An ufetubus (D:5)
  A worm (D:3)
  2 dart slugs
  19 orcs
  6 ball pythons
  3 bats (D:1)
  3 endoplasms
  4 giant cockroaches
  7 goblins
  7 hobgoblins
  4 jackals
  4 quokkas
  A frilled lizard (D:1)
  5 kobolds
  6 rats
128 creatures vanquished.

Notes
Turn   | Place    | Note
-------+----------+-------------------------------------------
     0 | D:1      | LeprechaunX the Octopode Shapeshifter began the quest for
                  | the Orb.
     0 | D:1      | Reached XP level 1. HP: 14/14 MP: 1/1
   143 | D:1      | Reached XP level 2. HP: 16/19 MP: 2/2
   478 | D:1      | Reached XP level 3. HP: 3/24 MP: 3/3
   893 | D:1      | Found Jofe Buv's Antique Armour Boutique.
  1059 | D:2      | Reached XP level 4. HP: 30/30 MP: 4/4
  1289 | D:2      | Reached skill level 3 in Unarmed Combat
  1343 | D:2      | Noticed Jessica
  1348 | D:2      | Killed Jessica
  1358 | D:2      | Found a glowing silver altar of Zin.
  1527 | D:3      | Reached XP level 5. HP: 30/35 MP: 5/5
  1676 | D:3      | Found a shimmering blue altar of Sif Muna.
  1913 | D:3      | Reached XP level 6. HP: 7/41 MP: 6/6
  2046 | D:3      | Found Duqaz's Jewellery Boutique.
  2165 | D:3      | Found an ornate altar of the Wu Jian Council.
  2455 | D:4      | Reached skill level 4 in Unarmed Combat
  2557 | D:4      | Noticed Dowan
  2558 | D:4      | Noticed Duvessa
  2612 | D:5      | Entered Level 5 of the Dungeon
  2671 | D:5      | Reached XP level 7. HP: 40/46 MP: 7/7
  2725 | D:5      | Found a staircase to the Ecumenical Temple.
  3085 | D:5      | Reached skill level 1 in Ranged Weapons
  3085 | D:5      | Reached skill level 5 in Unarmed Combat
  3122 | D:5      | Reached skill level 5 in Shapeshifting
  3128 | D:5      | Reached XP level 8. HP: 31/54 MP: 8/8
  3727 | D:4      | Noticed Pikel
  3730 | D:4      | Killed Duvessa
  3750 | D:4      | Killed Dowan
  4073 | D:4      | Killed Pikel
  4074 | D:4      | Reached skill level 6 in Unarmed Combat
  4074 | D:4      | Reached XP level 9. HP: 29/59 MP: 9/9
  4614 | Temple   | Entered the Ecumenical Temple
  4621 | Temple   | Became a worshipper of Cheibriados the Contemplative
  4750 | D:6      | Found a stormy altar of Qazlal.
  4842 | D:6      | Reached skill level 1 in Invocations
  4858 | D:6      | Reached skill level 5 in Fighting
  4858 | D:6      | Reached skill level 7 in Unarmed Combat
  5085 | D:6      | Noticed Prince Ribbit
  5096 | D:6      | Killed Prince Ribbit
  5268 | D:6      | Found Quyseyvvo's Antique Armour Emporium.
  5436 | D:6      | Found Ucettiymu's Antique Armour Shoppe.
  5580 | D:7      | HP: 3/91 [poisoned by an orc wizard]
  5582 | D:7      | HP: 1/91 [poisoned by an orc wizard]
  5583 | D:7      | Succumbed to an orc wizard's poison

Illustrated notes

Levels and vault maps discovered:
D:1:      psy_arrival_terrarium, layout_loops_ring, serial_shops, shop,
          minmay_misc_feat_nine_boxes
D:2:      layout_loops_cross, basic_altar, uniq_jessica
D:3:      layout_rooms, nicolae_wu_jian_immortal_techniques,
          lemuel_doored_altar, serial_shops, shop, guppyfry_early_orc_mine
D:4:      layout_rooms, serial_rivers, chequers_serial_rivers_micro_d,
          chequers_serial_rivers_room_b, chequers_serial_rivers_small_a,
          chequers_serial_rivers_room_b, chequers_serial_rivers_micro_b,
          chequers_serial_rivers_small_3, dreamdust_princess_bridge,
          st_stairs_10, uniq_duvessa, uniq_pikel
D:5:      layout_basic, minmay_temple_entry_fiery, minmay_door_square,
          minmay_large_rounded_square, minmay_bent
D:6:      layout_basic, lemuel_coloured_pillars_altar, serial_shops,
          nicolae_shop_peninsula, shop, serial_bayou_pond_d, uniq_prince_ribbit1
D:7:      layout_rooms, minmay_misc_feat_secret_circle, minivault_4,
          hangedman_glass_teeth, palyth_stone_intersect, st_stairs_7
Temple:   eino_wide_crystal_templ

Skill      XL: |  1  2  3  4  5  6  7  8  9 |
---------------+----------------------------+-----
Unarmed Combat | 3 4 5 6 7 |  7.4
Dodging        | 3 4 |  4.0
Shapeshifting  | 4 5 6 |  6.7
Fighting       | 3 4 5 |  5.3
Ranged Weapons | 1 2 3 |  3.7
Invocations    | 2 |  2.1

Action                     |  1- 3 |  4- 6 |  7- 9 || total
---------------------------+-------+-------+-------++-------
  Melee: Unarmed           |    51 |   114 |   130 ||   295
         Constrict         |    13 |    29 |    25 ||    67
         Tentacles         |     7 |    27 |    29 ||    63
         Punch             |     1 |     5 |    11 ||    17
   Fire: Orcbow            |       |       |    53 ||    53
    Use: Potion            |       |       |     1 ||     1
   Stab: Sleeping          |     4 |     4 |     3 ||    11
 Armour: Skin              |     4 |    21 |    40 ||    65
  Dodge: Dodged            |    29 |    50 |    83 ||   162

Table legend: (Time is in decaauts)
 A = Elapsed time spent in this place.
 B = Non-inter-level travel time spent in this place.
 C = Inter-level travel time spent in this place.
 D = Time resting spent in this place.
 E = Time spent auto-exploring this place.
 F = Levels seen in this place.
 G = Mean time per level.
                   A        B        C        D        E       F      G
               +--------+--------+--------+--------+--------+-----+--------+
         Total |   5738 |   5500 |    238 |    730 |   3684 |   8 |  717.2 |
       Dungeon |   5720 |   5488 |    232 |    730 |   3684 |   7 |  817.1 |
        Temple |     17 |     11 |      6 |      0 |      0 |   1 |   17.0 |
               +--------+--------+--------+--------+--------+-----+--------+

Top non-repeatable levels by time:
     D:5: 1203 daAuts
     D:3: 1033 daAuts
     D:6: 989 daAuts
     D:1: 973 daAuts
     D:4: 882 daAuts
     D:2: 535 daAuts
     D:7: 103 daAuts
  Temple: 17 daAuts
